 Dungeon Crawl Stone Soup version 0.27.1-33-g824d729ab1 (webtiles) character file.

Game seed: 16153434172671413731

247 ces the Covert (level 5, -1/25 HPs)
             Began as a Spriggan Hunter on Dec 12, 2021.
             Slain by a scorpion (7 damage)
             ... on level 4 of the Dungeon.
             The game lasted 00:06:06 (3690 turns).

ces the Covert (Spriggan Hunter)                    Turns: 3690, Time: 00:06:06

Health: -1/25      AC:  2    Str:  7 (8)  XL:     5   Next: 85%
Magic:  6/6        EV: 17    Int: 13      God:
Gold:   247        SH:  0    Dex: 15 (16) Spells: 4/4 levels left

rFire    + . .     SeeInvis +   a - +1 hand crossbow
rCold    . . .     Faith    .   (shield restricted)
rNeg     . . .     Spirit   .   c - +0 robe
rPois    .         Reflect  .   (helmet restricted)
rElec    .         Harm     .   (no cloak)
rCorr    .         Rampage  .   (gloves unavailable)
Will     .....                  (boots unavailable)
Stlth    ++++......             (no amulet)
HPRegen  0.08/turn              (no ring)
MPRegen  0.10/turn              (no ring)

@: lethally poisoned (-1 -> -15), very quick
A: very small, no large weapons, unfitting armour, see invisible, speed 3, fire
resistance 1, screaming 2
a: no special abilities


You were on level 4 of the Dungeon.
You visited 1 branch of the dungeon, and saw 4 of its levels.

You collected 247 gold pieces.

Inventory:

Hand Weapons
 a - a +1 hand crossbow (weapon)
 b - a +0 short sword
Missiles
 d - a bolt (quivered ammo)
Armour
 c - a +0 robe (worn)
Jewellery
 k - a ring of poison resistance
Scrolls
 g - a scroll of teleportation
 h - a scroll of magic mapping
 i - a scroll of identify
Potions
 f - 2 potions of attraction
 n - a potion of magic


   Skills:
 - Level 1.5 Fighting
 - Level 4.4 Crossbows
 - Level 2.8 Dodging
 * Level 8.8 Stealth


You had 4 spell levels left.
You didn't know any spells.
Your spell library contained the following spells:

 Spells                   Type           Power      Damage    Failure   Level
 Sublimation of Blood     Necr           0%         N/A       43%         2
 Petrify                  Tmut/Erth      0%         N/A       97%         4
 Irradiate                Conj/Tmut      0%         3d14      100%        5


Dungeon Overview and Level Annotations

Branches:
Dungeon (4/15)
 Temple: D:4-7

Altars:
Okawaru

Annotations:
D:4 Menkaure


Innate Abilities, Weirdness & Mutations

You are very small and have problems with some larger weapons.
You are too small for most types of armour.
You have supernaturally acute eyesight. (SInv)
You cover ground extremely quickly. (Speed+++)
Your flesh is heat resistant. (rF+)
You frequently scream uncontrollably at your foes.


Message History

A scorpion comes into view.
The goblin closely misses you.
You shoot a bolt. The bolt closely misses the goblin.
The hobgoblin closely misses you. The goblin closely misses you.
You shoot a bolt. The bolt misses the goblin.
The hobgoblin misses you. The goblin hits you with a +0 club.
The hobgoblin completely misses you.
You shoot a bolt. The bolt hits the goblin.
You kill the goblin!
The hobgoblin closely misses you.
You shoot a bolt. The bolt hits the hobgoblin.
The hobgoblin is moderately wounded.
The hobgoblin closely misses you.
You shoot a bolt.
The bolt hits the hobgoblin but does no damage.
The hobgoblin is moderately wounded.
The hobgoblin closely misses you. The hobgoblin hits you.
You shoot a bolt. The bolt hits the hobgoblin.
You kill the hobgoblin!
The scorpion misses you.
You shoot a bolt. The bolt hits the scorpion!
The scorpion is severely wounded.
The scorpion stings you.
You are poisoned.
The scorpion poisons you!
You shoot a bolt. The bolt hits the scorpion.
The scorpion is almost dead.
You feel very sick. The scorpion closely misses you.
You shoot a bolt. The bolt hits the scorpion.
You kill the scorpion!
You feel sick. The scorpion stings you.
You are lethally poisoned!
The scorpion poisons you! The scorpion closely misses you.
You feel your dexterity returning.
Your Stealth skill increases to level 8!
It was a potion of cancellation.
You feel magically purged.
* * * LOW HITPOINT WARNING * * *
You feel very sick. The scorpion stings you!
You die...

##########...
#♣≈≈≈≈≈≈≈≈
#(♣≈≈≈≈≈≈≈≈
#.≈♣≈≈≈≈≈≈≈≈
#.♣♣≈≈≈≈≈≈≈≈
#.≈P≈≈≈≈≈≈≈♣
#.#≈♣≈g≈≈≈≈≈
#)#♣♣≈♣≈≈≈≈≈
#)##≈≈(≈≈≈≈≈


#@sgg♣ #####g♣ .♣ gg ggs ggg# ...# ##.# You could see a scorpion, a hobgoblin
and 2 goblins.

Vanquished Creatures
  A scorpion (D:4)
  A bullfrog zombie (D:4)
  An orc wizard (D:4)
  5 adders
  2 dart slugs
  7 orcs (D:4)
  9 ball pythons
  5 endoplasms
  3 giant cockroaches
  12 goblins
  4 hobgoblins
  8 quokkas
  4 bats
  2 frilled lizards
  4 kobolds
  3 rats
71 creatures vanquished.

Vanquished Creatures (others)
  33 plants (D:4)
33 creatures vanquished.

Grand Total: 104 creatures vanquished

Notes
Turn   | Place    | Note
-------+----------+-------------------------------------------
     0 | D:1      | ces the Spriggan Hunter began the quest for the Orb.
     0 | D:1      | Reached XP level 1. HP: 10/10 MP: 2/2
   409 | D:1      | Reached XP level 2. HP: 14/14 MP: 3/3
   520 | D:1      | Reached skill level 2 in Stealth
  1087 | D:2      | Reached skill level 3 in Stealth
  1251 | D:2      | Reached skill level 4 in Stealth
  1251 | D:2      | Reached XP level 3. HP: 18/18 MP: 4/4
  1761 | D:3      | Reached skill level 5 in Stealth
  2068 | D:3      | Gained mutation: You occasionally shout uncontrollably at
                  | your foes. [potion of mutation]
  2068 | D:3      | Gained mutation: Your flesh is heat resistant. (rF+)
                  | [potion of mutation]
  2068 | D:3      | Gained mutation: You frequently scream uncontrollably at
                  | your foes. [potion of mutation]
  2088 | D:3      | Found an iron altar of Okawaru.
  2147 | D:3      | Reached XP level 4. HP: 22/22 MP: 5/5
  2147 | D:3      | You fall into a shaft and drop 1 floor!
  2355 | D:4      | Noticed Menkaure
  3126 | D:4      | Reached skill level 6 in Stealth
  3533 | D:4      | Reached skill level 7 in Stealth
  3538 | D:4      | Reached XP level 5. HP: 25/25 MP: 6/6
  3690 | D:4      | Reached skill level 8 in Stealth
  3690 | D:4      | Slain by a scorpion

Illustrated notes

Levels and vault maps discovered:
D:1:      nagdon_arrival_double_spiral, layout_basic
D:2:      layout_loops_ring
D:3:      layout_loops_ring, grunt_temple_overflow_holy_war, okawaru_gym_becter,
          mainiacjoe_overflow_surrounded_room, goddamned_bats
D:4:      layout_basic, serial_bayou, serial_bayou_shore_b, serial_bayou_lake_a,
          serial_bayou_ford_a, serial_bayou_pond_e, serial_bayou_shore_b,
          portal_sewer_entry_f, uniq_robin, uniq_duvessa, uniq_menkaure,
          uniq_pikel

Skill      XL: |  1  2  3  4  5 |
---------------+----------------+-----
Stealth        | 4 5 7 8 |  8.8
Fighting       | |  1.5
Crossbows      | |  4.4
Dodging        | |  2.8

Action                   |  1- 3 |  4- 6 || total
-------------------------+-------+-------++-------
Melee: Short sword       |    19 |     6 ||    25
 Fire: Hand crossbow     |    66 |    85 ||   151
  Use: Scroll            |     4 |     5 ||     9
       Potion            |     1 |     2 ||     3
Armor: Robe              |     3 |       ||     3
Dodge: Dodged            |    24 |    37 ||    61
